 Dungeon Crawl Stone Soup version 0.31-a0-1278-g11c5b68f87 (webtiles) character file.

Game seed: 1945508253917195849

85 bmb222 the Ruffian (level 4, 0/28 HPs)
             Began as an Octopode Shapeshifter on Dec 17, 2023.
             Slain by an orc
             ... wielding a +0 whip
              (6 damage)
             ... on level 3 of the Dungeon.
             The game lasted 00:01:24 (1696 turns).

bmb222 the Ruffian (Octopode Shapeshifter)          Turns: 1696, Time: 00:01:25

Health: 0/28       AC:  1    Str: 15    XL:     4   Next: 48%
Magic:  4/4        EV: 13    Int: 12    God:
Gold:   56         SH:  0    Dex: 11    Spells: 3/3 levels left

rFire   . .          .
                       - Unarmed
rCold   . . .        (no shield)
rNeg    . . .        (helmet currently unavailable)
rPois   .            (no amulet)
rElec   .            (no ring)
rCorr   .            (no ring)
SInv    .            (no ring)
Will    .....        (no ring)
Stlth   +++          (no ring)
HPRegen 0.24/turn    (no ring)
MPRegen 0.09/turn    (no ring)
                     (no ring)

%: no passive effects
@: beast-form
A: beast (slay +1), almost no armour, amphibious, 8 rings, camouflage 1,
gelatinous body 1, (nimble swimmer 1), tentacles
a: Begin Untransformation


You were on level 3 of the Dungeon.
You were a hulking beast.
You visited 1 branch of the dungeon, and saw 3 of its levels.

You collected 56 gold pieces.

Inventory:

Talismans
 b - a beast talisman
 c - a flux talisman
Scrolls
 d - a scroll of torment {unknown}
 g - 2 scrolls of teleportation {unknown}
 j - a scroll of silence {unknown}
 k - a scroll of revelation {unknown}
Potions
 a - a potion of lignification
 e - 2 potions of cancellation {unknown}
 f - 2 potions of enlightenment {unknown}
 h - a potion of heal wounds {unknown}
 i - a potion of curing {unknown}
 l - a potion of degeneration {unknown}


   Skills:
 + Level 1.2 Fighting
 + Level 2.4 Dodging
 + Level 2.7 Stealth
 + Level 3.9 Unarmed Combat
 + Level 3.3 Shapeshifting


You had 3 spell levels left.
You didn't know any spells.
Your spell library was empty.

Dungeon Overview and Level Annotations

Branches:
Dungeon (3/15)

Altars:

Shops:
D:1 [


Innate Abilities, Weirdness & Mutations

You are a hulking beast.
Your limbs bulge with bestial killing power. (Slay +1)
You cannot wear most types of armour.
You are amphibious.
You can wear up to eight rings at the same time.
Your skin changes colour to match your surroundings (Stealth+).
Your rubbery body absorbs attacks. (AC +1, EV +1)
((You are camouflaged when in or above water. (Stealth+)))
You have tentacles for arms and can constrict up to eight enemies at once.


Message History

You bludgeon the orc!
You kill the orc!
The orc barely misses you.
An ufetubus comes into view.
The ufetubus shouts!
You tentacle-slap the orc. Your grab misses the orc.
The orc is heavily wounded.
The orc hits you with a +0 whip.
You tentacle-slap the orc. You grab the orc. You squeeze the orc.
You kill the orc!
An orc comes into view. It is wielding a +0 whip.
The orc misses you.
You completely miss the orc.
The orc shouts!
You grab the orc. You constrict the orc. The ufetubus slips past you!
The ufetubus barely misses you. The ufetubus closely misses you.
The orc misses you.
You bludgeon the orc!
You kill the orc!
The ufetubus misses you. The ufetubus closely misses you.
You closely miss the ufetubus. Your grab misses the ufetubus.
The ufetubus hits you. x2; The ufetubus closely misses you.
The ufetubus misses you.
You closely miss the ufetubus. Your grab misses the ufetubus.
Your squeeze misses the ufetubus. The orc barely misses you.
The ufetubus hits you. x2
You are too injured to fight recklessly!
You are too injured to fight recklessly!
You tentacle-slap the orc but do no damage.
You grab the orc.
You constrict the orc, but do no damage.
The ufetubus barely misses you. The ufetubus hits you.
The orc hits you with a +0 whip.
You tentacle-slap the orc.
The orc is lightly wounded.
You constrict the orc, but do no damage.
The ufetubus barely misses you. The ufetubus hits you.
* * * LOW HITPOINT WARNING * * *
The orc hits you with a +0 whip.
You die...

.# .# .. .######
.....
#...##+###+###
#)o...........
#.h......?....
#5....(....... ..
#............. ...
####..........
.... #..........
...#####..........
#......##'###+###
#......##.#
#......##.#


You could see an ufetubus and an orc.

Vanquished Creatures
  2 adders (D:2)
  An ufetubus (D:3)
  A dart slug (D:3)
  3 orcs (D:3)
  5 ball pythons
  A bat (D:2)
  5 endoplasms
  A giant cockroach (D:2)
  4 goblins
  4 hobgoblins
  A quokka (D:2)
  2 frilled lizards
  6 kobolds
  24 rats
60 creatures vanquished.

Notes
Turn   | Place    | Note
-------+----------+-------------------------------------------
     0 | D:1      | bmb222 the Octopode Shapeshifter began the quest for the
                  | Orb.
     0 | D:1      | Reached XP level 1. HP: 13/13 MP: 1/1
   193 | D:1      | Reached XP level 2. HP: 14/18 MP: 2/2
   378 | D:1      | Found a faded altar of an unknown god.
   733 | D:2      | Reached skill level 1 in Stealth
   733 | D:2      | Reached XP level 3. HP: 23/23 MP: 3/3
   833 | D:1      | Found Abeng's Armour Boutique.
  1440 | D:2      | Reached XP level 4. HP: 28/28 MP: 4/4
  1696 | D:3      | Slain by an orc

Illustrated notes

Levels and vault maps discovered:
D:1:      eino_arrival_cavern_a, layout_loops_ring,
          shapermc_ecumenical_altar_gd, serial_shops,
          nicolae_shop_tiny_real_fake_doors, nicolae_houndstooth_variations
D:2:      layout_rooms, minmay_door_square, minmay_rat_hole
D:3:      layout_basic, mainiacjoe_overflow_catwalk_spiral

Skill      XL: |  1  2  3 |
---------------+----------+-----
Stealth        | 1 2 |  2.7
Fighting       | |  1.2
Dodging        | |  2.4
Unarmed Combat | |  3.9
Shapeshifting  | |  3.3

Action                     |  1- 3 |  4- 6 || total
---------------------------+-------+-------++-------
  Melee: Unarmed           |    69 |    37 ||   106
         Constrict         |    15 |    10 ||    25
         Tentacles         |    11 |     6 ||    17
         Punch             |     2 |     1 ||     3
   Stab: Sleeping          |    10 |     2 ||    12
 Armour: Skin              |    24 |    14 ||    38
  Dodge: Dodged            |    30 |    26 ||    56

Table legend: (Time is in decaauts)
 A = Elapsed time spent in this place.
 B = Non-inter-level travel time spent in this place.
 C = Inter-level travel time spent in this place.
 D = Time resting spent in this place.
 E = Time spent auto-exploring this place.
 F = Levels seen in this place.
 G = Mean time per level.
                   A        B        C        D        E       F      G
               +--------+--------+--------+--------+--------+-----+--------+
         Total |   1688 |   1574 |    114 |     33 |   1308 |   3 |  562.7 |
       Dungeon |   1688 |   1574 |    114 |     33 |   1308 |   3 |  562.7 |
               +--------+--------+--------+--------+--------+-----+--------+

Top non-repeatable levels by time:
     D:1: 996 daAuts
     D:2: 621 daAuts
     D:3: 70 daAuts
